 Dungeon Crawl Stone Soup version 0.29-a0-322-g68df515428 (webtiles) character file.

Game seed: 8732555272124057024

10 calli0pe the Ruffian (level 2, 0/24 HPs)
             Began as a Human Berserker on Apr 8, 2022.
             Was a Follower of Trog.
             Constricted to death by a ball python (1 damage)
             ... on level 1 of the Dungeon.
             The game lasted 00:01:05 (254 turns).

calli0pe the Ruffian (Human Berserker)               Turns: 254, Time: 00:01:06

Health: 0/24       AC:  2    Str: 17    XL:     2   Next: 30%
Magic:  2/2        EV:  9    Int:  7    God:    Trog [*.....]
Gold:   15         SH:  0    Dex: 12    Spells: 1/1 levels left

rFire   . . .      SeeInvis .     - Unarmed
rCold   . . .      Faith    .   (no shield)
rNeg    . . .      Spirit   .   a - +0 animal skin
rPois   .          Reflect  .   (no helmet)
rElec   .          Harm     .   (no cloak)
rCorr   .          Rampage  .   (no gloves)
Will    .....                   (no boots)
Stlth   +.........              (no amulet)
HPRegen 0.08/turn               (no ring)
MPRegen 0.08/turn               (no ring)

@: constricted
A: no striking features
a: Renounce Religion, Berserk


You were on level 1 of the Dungeon.
You worshipped Trog.
Trog was aware of your devotion.
You visited 1 branch of the dungeon, and saw 1 of its levels.

You collected 15 gold pieces.

Inventory:

Missiles
 b - 33 stones (quivered)
Armour
 a - a +0 animal skin (worn)
Scrolls
 d - a scroll of identify {unknown}
Potions
 c - a potion of heal wounds {unknown}


   Skills:
 + Level 3.2 Fighting
 + Level 2.1 Armour
 + Level 2.0 Dodging
 + Level 3.2 Unarmed Combat


You had one spell level left.
You didn't know any spells.
Your spell library was empty.

Dungeon Overview and Level Annotations

Branches:
Dungeon (1/15)

Altars:


Message History

The goblin shouts!
You hear an angry hiss.
A ball python comes into view.
The goblin hits you but does no damage.
You barely miss the goblin. The goblin hits you with a +0 club.
You closely miss the goblin. The goblin hits you with a +0 club.
You hit the goblin.
The goblin is moderately wounded.
The ball python misses you. The ball python grabs you.
The ball python constricts you. The ball python bites you.
The ball python constricts you.
You closely miss the goblin.
The goblin is moderately wounded.
The goblin closely misses you.
A frilled lizard comes into view.
The ball python bites you but does no damage.
The ball python constricts you.
You hit the goblin.
The goblin is severely wounded.
The goblin misses you. The ball python closely misses you.
The ball python constricts you.
You closely miss the goblin.
The goblin is severely wounded.
The goblin hits you with a +0 club.
* * * LOW HITPOINT WARNING * * *
The ball python bites you but does no damage.
The ball python constricts you.
You hit the goblin.
You kill the goblin!
Trog accepts your kill. The ball python barely misses you.
The ball python constricts you.
You barely miss the frilled lizard. The ball python completely misses you.
The ball python constricts you. The frilled lizard bites you.
* * * LOW HITPOINT WARNING * * *
You miss the frilled lizard. The ball python bites you.
* * * LOW HITPOINT WARNING * * *
The ball python constricts you. The frilled lizard bites you.
* * * LOW HITPOINT WARNING * * *
You closely miss the frilled lizard. The ball python barely misses you.
The ball python constricts you.
You die...

#( #.# #.# #..#.......#.#
#.###.# #.# #..#.......#.#
...#.# #.###>.........#.#
#.#.###..##.##.......#.#
#...........##...(...#.#
#...####.#####.......#.#
..####..†####.######.#.##.#.#
#...................#..).....#
#.##.##.#####.@............###
# #......Sl##########......
########.# #.##### ..# #.# ...
..# ##### ####


You could see a ball python and a frilled lizard.

Vanquished Creatures
  2 bats (D:1)
  A goblin (D:1)
  4 jackals (D:1)
  A kobold (D:1)
8 creatures vanquished.

Notes
Turn   | Place    | Note
-------+----------+-------------------------------------------
     0 | D:1      | calli0pe the Human Berserker began the quest for the Orb.
     0 | D:1      | Reached XP level 1. HP: 18/18 MP: 1/1
   189 | D:1      | Reached XP level 2. HP: 23/24 MP: 2/2
   253 | D:1      | HP: 1/24 [frilled lizard (3)]
   254 | D:1      | Constricted to death by a ball python

Illustrated notes

Levels and vault maps discovered:
D:1:      minmay_arrival_shattered_statue, layout_loops_ring

Action                   || total
-------------------------++-------
Melee: Unarmed           ||    26
       Punch             ||     1
Armor: Animal skin       ||    20
Dodge: Dodged            ||    33

Table legend: (Time is in decaauts)
 A = Elapsed time spent in this place.
 B = Non-inter-level travel time spent in this place.
 C = Inter-level travel time spent in this place.
 D = Time resting spent in this place.
 E = Time spent auto-exploring this place.
 F = Levels seen in this place.
 G = Mean time per level.
                   A        B        C        D        E       F      G
               +--------+--------+--------+--------+--------+-----+--------+
         Total |    252 |    252 |      0 |      0 |      0 |   1 |  252.0 |
       Dungeon |    252 |    252 |      0 |      0 |      0 |   1 |  252.0 |
               +--------+--------+--------+--------+--------+-----+--------+

Top non-repeatable levels by time:
     D:1: 252 daAuts
